 Dungeon Crawl Stone Soup version 0.25.1-9-gc5326a611f (webtiles) character file.

Game seed: 5761345572841961777

79 stebl the Gusty (level 4, -10/24 HPs)
             Began as a Tengu Air Elementalist on Dec 24, 2020.
             Mangled by an ogre
             ... wielding a +0 giant club
              (21 damage)
             ... on level 2 of the Dungeon.
             The game lasted 00:06:34 (2093 turns).

stebl the Gusty (Tengu Air Elementalist)            Turns: 2093, Time: 00:06:34

Health: -10/24     AC:  2    Str:  8    XL:     4   Next: 38%
Magic:  7/9        EV: 12    Int: 17    God:
Gold:   37         SH:  0    Dex: 14    Spells: 2/8 levels left

rFire    . . .     SeeInvis .   d - +0 dagger
rCold    . . .     Gourm    .   (no shield)
rNeg     . . .     Faith    .   a - +0 robe
rPois    .         Spirit   .   (helmet restricted)
rElec    .         Reflect  .   (no cloak)
rCorr    .         Harm     .   (no gloves)
MR       .....                  (boots unavailable)
Stlth    ++........             (no amulet)
HPRegen  0.08/turn              (no ring)
MPRegen  0.11/turn              (no ring)

@: swift, very quick
A: beak, talons 3
a: no special abilities


You were on level 2 of the Dungeon.
You were not hungry.

You visited 1 branch of the dungeon, and saw 3 of its levels.

You collected 37 gold pieces.


Innate Abilities, Weirdness & Mutations

You have a beak for a mouth.
You have claws for feet.


   Skills:
 - Level 2.1 Dodging
 - Level 2.0 Stealth
 + Level 2.8 Spellcasting
 - Level 1.3 Conjurations
 * Level 6.0 Air Magic


You had 2 spell levels left.
You knew the following spells:

 Your Spells              Type           Power        Failure   Level  Hunger
i - Swiftness             Chrm/Air       ##......     8%          2    ##.....
t - Static Discharge      Conj/Air       ##......     12%         3    ###....
z - Shock                 Conj/Air       ##..         4%          1    #......

Your spell library contained the following spells:

 Spells                   Type           Power        Failure   Level  Hunger
 Airstrike                Air            ###.......   16%         4    #####..
 Lightning Bolt           Conj/Air       ##........   73%         5    ######.

Inventory:

Hand Weapons
 d - a +0 dagger (weapon)
Armour
 a - a +0 robe (worn)
Scrolls
 b - 2 scrolls of magic mapping {unknown}
 e - a scroll of amnesia {unknown}
 f - 3 scrolls of identify {unknown}
 g - a scroll of teleportation {unknown}
 h - 2 scrolls of blinking {unknown}
 i - a scroll of remove curse {unknown}
 k - a scroll of fear {unknown}
Potions
 j - 2 potions of might {unknown}
 l - a potion of curing {unknown}
Comestibles
 c - 5 chunks of flesh

Dungeon Overview and Level Annotations

Branches:
Dungeon (3/15)

Altars:
Ashenzari

............#
#.###...#####w#.#..##
..###.........#.....
###......######....##
#.#..)รท# #..... #
###.##.#.### #%...##.#
...........# #.......##
###........# #Krr......
###..###.#.# #.@.....#
#........#.####O#.###.#
#.#..##.....>.l#......#
#.#..#####.####.#######
....l....# .#
#........# .#
####.##### .# # .# .#


You could see an ogre, a quokka, a kobold, a frilled lizard and a rat.


Message History

Aim: a bat (moderately wounded)
The zap hits the bat.
You kill the bat!
Found a stone staircase leading down.
An ogre comes into view. It is wielding a +0 giant club.
A frilled lizard comes into view.
The ogre shouts!
The frilled lizard hisses angrily.
There is a stone staircase leading down here.
You climb downwards.
There is a stone staircase leading up here.
The ogre misses you.
You climb upwards.
There is a stone staircase leading down here.
Found a stone staircase leading up.
A quokka and a kobold come into view.
The kobold shouts!
The kobold throws a stone.
The stone hits you but does no damage.
Found a ration.
You see here a stone.
Casting: Shock (safe; 4% risk of failure)
Confirm with . or Enter, or press ? or * to list all spells.
You feel quick. The ogre hits you with a +0 giant club!
Ouch! That really hurt!
* * * LOW HITPOINT WARNING * * *
A rat comes into view.
There is a stone staircase leading up here.
The quokka misses you.
The ogre hits you with a +0 giant club!!
Ouch! That really hurt!
You die...

Skill      XL: |  1  2  3  4 |
---------------+-------------+-----
Air Magic      | 5 6 |  6.0
Dodging        | |  2.1
Stealth        | |  2.0
Spellcasting   | |  2.8
Conjurations   | |  1.3

Action                   |  1- 3 |  4- 6 || total
-------------------------+-------+-------++-------
Melee: Dagger            |     8 |     1 ||     9
       Kick              |     2 |       ||     2
 Cast: Shock             |    62 |    18 ||    80
       Swiftness         |       |     1 ||     1
  Eat: Chunk             |     2 |       ||     2
       Ration            |     1 |       ||     1
Armor: Robe              |     2 |       ||     2
Dodge: Dodged            |     7 |     3 ||    10

Levels and vault maps discovered:
D:1:      dpeg_arrival_houses_and_road, layout_loops_ring, minmay_heptomino_d4
D:2:      layout_loops_cross, first_ration, ashenzari_altar_1, uniq_jessica
D:3:      layout_basic

Notes
Turn   | Place    | Note
-------+----------+-------------------------------------------
     0 | D:1      | stebl the Tengu Air Elementalist began the quest for the
                  | Orb.
     0 | D:1      | Reached XP level 1. HP: 10/10 MP: 4/4
   148 | D:1      | HP: 1/10 [dart slug/slug dart (8)]
   149 | D:1      | Reached XP level 2. HP: 2/15 MP: 0/6
   156 | D:1      | Learned a level 2 spell: Swiftness
   660 | D:1      | Reached skill level 5 in Air Magic
   665 | D:1      | Reached XP level 3. HP: 19/19 MP: 3/7
  1408 | D:2      | Found a shattered altar of Ashenzari.
  1724 | D:2      | Noticed Jessica
  1733 | D:2      | Killed Jessica
  1733 | D:2      | Reached XP level 4. HP: 24/24 MP: 3/9
  1738 | D:2      | Learned a level 3 spell: Static Discharge
  1963 | D:2      | Reached skill level 6 in Air Magic
  2079 | D:2      | Noticed an ogre
  2093 | D:2      | Mangled by an ogre

Vanquished Creatures
  Jessica (D:2)
  An ooze (D:1)
  A worm (D:2)
  3 dart slugs
  A leopard gecko (D:1)
  2 ball pythons (D:1)
  A giant cockroach (D:2)
  6 goblins
  4 hobgoblins
  2 jackals (D:1)
  5 kobolds
  4 bats
  6 rats
37 creatures vanquished.

Table legend:
 A = Turns spent in this place as a percentage of turns spent in the entire game.
 B = Non-inter-level travel turns spent in this place as a percentage of non-inter-level travel turns spent in the entire game.
 C = Inter-level travel turns spent in this place as a percentage of turns spent in this place.
 D = Turns resting spent in this place as a percentage of non-inter-level travel turns spent in this place.
 E = Turns spent auto-exploring this place as a percentage of non-inter-level travel turns spent in this place.
 F = Non-inter-level travel turns spent in this place divided by the number of levels of this place that you've seen.
                   A       B       C       D       E      F
               +-------+-------+-------+-------+-------+----------------------
         Total | 100.0 | 100.0 |   2.1 |  18.1 |  66.4 | 683.3
       Dungeon | 100.0 | 100.0 |   2.1 |  18.1 |  66.4 | 683.3
               +-------+-------+-------+-------+-------+----------------------

Table legend:
 A = Non-vault XP
 B = Vault XP
 C = Vault XP percentage of total XP
 D = Non-vault monster count
 E = Vault monster count
 F = Vault count percentage of total count
                 A         B        C        D         E       F
            +---------+---------+-------+---------+---------+-------
      Total |      70 |      44 |  38.6 |      33 |       4 |  10.8
            +---------+---------+-------+---------+---------+-------
        D:1 |      45 |       7 |  13.5 |      21 |       3 |  12.5
        D:2 |      25 |      37 |  59.7 |      12 |       1 |   7.7
            +---------+---------+-------+---------+---------+-------
